Map: Lerilak Crest

Players

Player - Winner!

  • Race: Zerg Zerg
  • League: Gold

LilDicky

  • Race: Terran Terran
  • League: Diamond

VOD

http://www.twitch.tv/tumescentpie

Description

Time

  • Played on: Jan. 3, 2016, 5:43 a.m.
  • Length: 5:18
Show
View Real Time Build Order
Export as new Build Order

Player Zerg - Winner!

Build Orders: Pool First, Zergling Baneling 

Get SALT Encoding   

  12  0:01  Drone  
  13  0:08  Drone  
  14  0:16  Overlord  
  14  0:22  Extractor  
  14  0:23  Drone  
  14  0:35  Drone x2  
  16  0:51  Spawning Pool  
  16  0:56  Drone  
  16  0:58  Drone  
  17  1:19  Drone  
  17  1:24  Overlord  
  18  1:42  Queen  
  18  1:43  Metabolic Boost  
  18  1:45  Zergling x4  
  22  1:53  Zergling x2  
  23  1:59  Baneling Nest, Zergling x2  
  23  2:15  Zergling x2  
  24  2:27  Zergling x2  
  25  2:42  Zergling x4  
  27  2:57  Zergling x2  
  27  3:07  Zergling x4  
  27  3:09  Overlord  
  29  3:21  Hatchery, Zergling x2  
  29  3:26  Baneling x5  
  29  3:27  Zergling x2  
  29  3:31  Zergling x4  
  29  3:32  Zergling x2  
  33  3:54  Zergling x4  
  32  4:02  Zergling x4  
  32  4:03  Zergling x2  
  32  4:06  Zergling x2  
  29  4:20  Zergling x2  
  28  4:27  Zergling x2  
  26  4:51  Baneling x5  
  26  4:53  Zergling x4  
  26  4:55  Drone x3  
  26  4:59  Zergling x6  
Show
View Real Time Build Order
Export as new Build Order

LilDicky Terran 

Build Orders: Command Center First (CC) 

Get SALT Encoding   

  12  0:01  SCV  
  13  0:13  SCV  
  14  0:18  Supply Depot  
  14  0:25  SCV  
  15  0:39  SCV  
  16  0:51  SCV  
  17  1:04  SCV  
  18  1:07  Command Center  
  18  1:16  SCV  
  19  1:28  SCV, Barracks  
  20  1:40  SCV  
  20  1:42  Supply Depot  
  21  1:54  Engineering Bay  
  21  1:55  SCV  
  21  1:59  Refinery  
  21  2:00  Refinery  
  22  2:18  Orbital Command  
  22  2:22  Orbital Command  
  22  2:33  Marine  
  23  2:37  Engineering Bay  
  23  2:39  Orbital Command  
  22  2:50  SCV  
  23  2:56  Marine  
  24  3:02  SCV  
  24  3:04  Factory  
  25  3:06  SCV  
  26  3:14  SCV  
  27  3:23  Marine  
  28  3:28  SCV  
  28  3:33  SCV  
  28  3:34  Supply Depot  
  30  3:40  SCV  
  31  3:41  Marine  
  32  3:55  Widow Mine  
  23  4:29  Supply Depot  
  23  4:30  Supply Depot  
  14  4:34  Hellion  
  14  4:35  Barracks  
  14  4:36  Barracks  
  14  4:55  SCV  
  15  5:05  SCV  
Tags
 
Add a new tag
Caveats
  • Supply blocks, unpowered buildings, or Contaminate may cause inaccurate times.
  • Supply counts are checked every 10 seconds.